 Dungeon Crawl Stone Soup version 0.31.0-32-g396128a36d (webtiles) character file.

Game seed: 12713362216333835067

1436 BigDaddyOpFi the Ruffian (level 8, -3/69 HPs)
             Began as a Ghoul Fighter on Mar 22, 2024.
             Slain by a steam dragon (5 damage)
             ... on level 5 of the Dungeon.
             The game lasted 00:07:01 (3198 turns).

BigDaddyOpFi the Ruffian (Ghoul Fighter)            Turns: 3198, Time: 00:07:02

Health: -3/69      AC: 11    Str: 20    XL:     8   Next: 73%
Magic:  8/8        EV: 10    Int:  7    God:
Gold:   176        SH:  4    Dex: 10    Spells: 7/7 levels left

rFire   + .          .
                       - Unarmed
rCold   . . .        b - +0 buckler
rNeg    + + +        a - +0 scale mail
rPois   ∞            (no helmet)
rElec   .            f - +2 cloak
rCorr   .            k - +0 pair of gloves
SInv    .            (no boots)
Will    .....        j - amulet of the acrobat Stlth
                     m - ring of fire
HPRegen 0.00/turn    (no ring)
MPRegen 0.11/turn

%: acrobat
@: about to teleport, inhibited regen
A: claws 1, cold resistance 1, negative energy resistance 3, inhibited
regeneration, torment resistance 2, devour on kill
a: no special abilities


You were on level 5 of the Dungeon.
You visited 1 branch of the dungeon, and saw 5 of its levels.

You collected 176 gold pieces.

Inventory:

Armour
 a - a +0 scale mail (worn)
 b - a +0 buckler (worn)
 f - a +2 cloak (worn)
 k - a +0 pair of gloves (worn)
Jewellery
 j - an amulet of the acrobat (around neck)
 m - a ring of fire (left hand)
Wands
 c - a wand of roots (6) (quivered)
Scrolls
 d - 2 scrolls of identify
 g - 2 scrolls of enchant weapon
 h - 3 scrolls of vulnerability
 i - a scroll of silence
 l - a scroll of fog
 o - a scroll of poison
Potions
 e - 2 potions of enlightenment


   Skills:
 + Level 5.6 Fighting
 + Level 3.3 Throwing
 + Level 4.5 Armour
 + Level 3.1 Dodging
 + Level 4.4 Shields
 * Level 6.4 Unarmed Combat


You had 7 spell levels left.
You didn't know any spells.
Your spell library was empty.

Dungeon Overview and Level Annotations

Branches:
Dungeon (6/15)
 Temple: D:4-7

Altars:
Kikubaaqudgha
Xom

Shops:
D:1 (   D:5 !   D:6 :*

Annotations:
D:4 Pikel
D:6 3 runed translucent doors, Pollywompus's ghost, novice DsBe


Innate Abilities, Weirdness & Mutations

You are immune to poison.
You have sharp fingernails.
Your flesh is cold resistant. (rC+)
You are immune to negative energy. (rN+++)
You do not regenerate when monsters are visible.
You are immune to unholy pain and torment.
You thrive by killing the living.


Message History

You hit Blork the orc.
Blork the orc is almost dead.
Blork the orc hits you with a +0 hand axe.
You hit Blork the orc.
You kill Blork the orc!
The steam dragon breathes steam at you. The ball of steam hits you. You resist.
The steam dragon misses you. The steam dragon claws you.
* * * LOW HITPOINT WARNING * * *
Items here: ( )))))))) [[[[ †††††.
There is a stone staircase leading up here.
The steam dragon bites you.
* * * LOW HITPOINT WARNING * * *
The steam dragon closely misses you.
You climb upwards.
There is a stone staircase leading down here.
Unknown command.
Aiming: Fastroot
Press: ? - help, Q - select action Shift-Dir - straight line, f - steam dragon
Aim: a steam dragon The roots erupt in riotous growth!
Roots grab the steam dragon.
The grasping roots constrict the steam dragon.
The steam dragon bites you!
* * * LOW HITPOINT WARNING * * *
The steam dragon claws you but does no damage.
Unknown command.
Okay, then.
You hit the steam dragon.
The steam dragon is moderately wounded.
The grasping roots constrict the steam dragon.
The roots release their grip on the steam dragon.
The steam dragon breathes steam at you. The ball of steam hits you. You resist.
* * * LOW HITPOINT WARNING * * *
As you read the scroll of teleportation, it crumbles to dust.
You feel strangely unstable. The steam dragon bites you.
* * * LOW HITPOINT WARNING * * *
The steam dragon claws you.
You die...

#..#...)))......##.#
#.##.....######..#.#
#.##.....# ##.#.#
#.##..)..# #...#
#.######.## ##...
#.# #..## #.#. #.#
##..######.##
#.########..........
#.D@§§..............
#.#######.###....##.
##.#####...#
########
#..#.....### ###
#.##.##### ##..
##.##.# #..#
##..##[# ####.##
#..##..# #....#
##.....## #.#####


You could see a steam dragon.

Vanquished Creatures
  Sigmund (D:2)
  A sky beast (D:6)
  An ice beast (D:5)
  2 black bears
  2 ogres (D:6)
  2 phantoms (D:5)
  A lemure (D:4)
  A bullfrog (D:6)
  Blork the orc (D:6)
  A scorpion (D:4)
  An orc priest (D:6)
  3 hounds (D:5)
  A jelly (D:5)
  Ijyb (D:5)
  3 iguanas
  An orc wizard (D:6)
  2 adders
  A shadow imp (D:5)
  An ufetubus (D:6)
  2 dart slugs
  2 ribbon worms (D:4)
  27 orcs
  2 ball pythons
  4 bats (D:1)
  3 endoplasms (D:1)
  A giant cockroach (D:1)
  4 goblins
  3 hobgoblins (D:1)
  2 quokkas (D:5)
  2 frilled lizards (D:2)
  A kobold (D:4)
  2 rats
82 creatures vanquished.

Notes
Turn   | Place    | Note
-------+----------+-------------------------------------------
     0 | D:1      | BigDaddyOpFi the Ghoul Fighter began the quest for the Orb.
     0 | D:1      | Reached XP level 1. HP: 19/19 MP: 1/1
   320 | D:1      | Reached XP level 2. HP: 26/26 MP: 2/2
   448 | D:1      | Found Jameujur's Weapon Emporium.
   984 | D:2      | Found a faded altar of an unknown god.
   999 | D:2      | Reached XP level 3. HP: 26/31 MP: 3/3
  1113 | D:2      | Noticed Sigmund
  1120 | D:2      | Killed Sigmund
  1121 | D:2      | Reached skill level 1 in Throwing
  1121 | D:2      | Reached skill level 1 in Dodging
  1121 | D:2      | Reached skill level 3 in Unarmed Combat
  1121 | D:2      | Reached XP level 4. HP: 22/40 MP: 4/4
  1121 | D:2      | Reached XP level 5. HP: 25/46 MP: 5/5
  1149 | D:2      | You fall into a shaft and drop 2 floors!
  1261 | D:4      | Reached skill level 4 in Unarmed Combat
  1261 | D:4      | Reached XP level 6. HP: 47/52 MP: 6/6
  1378 | D:4      | Found a shimmering altar of Xom.
  1663 | D:4      | Noticed Pikel
  1942 | D:5      | Entered Level 5 of the Dungeon
  1996 | D:5      | Noticed a black bear
  2006 | D:5      | Killed a black bear
  2007 | D:5      | Reached XP level 7. HP: 59/60 MP: 7/7
  2017 | D:5      | Noticed Ijyb
  2046 | D:5      | Killed Ijyb
  2122 | D:5      | Found Margh's Distillery.
  2140 | D:5      | Found an ancient bone altar of Kikubaaqudgha.
  2235 | D:5      | Reached skill level 5 in Unarmed Combat
  2312 | D:5      | Reached skill level 5 in Fighting
  2327 | D:5      | Reached XP level 8. HP: 34/68 MP: 8/8
  2717 | D:6      | Found Yrepikh's Book Emporium.
  2789 | D:6      | Noticed Blork the orc
  2796 | D:6      | Found Solyun's General Store.
  3123 | D:6      | Found a runed translucent gate.
  3125 | D:6      | Found a runed translucent gate.
  3125 | D:6      | Found a runed translucent gate.
  3125 | D:6      | Noticed Pollywompus's ghost (novice DsBe)
  3152 | D:6      | Reached skill level 6 in Unarmed Combat
  3190 | D:6      | Killed Blork the orc
  3198 | D:5      | HP: 2/69 [steam dragon (4)]
  3198 | D:5      | Slain by a steam dragon

Illustrated notes

Levels and vault maps discovered:
D:1:      dpeg_arrival_windows_large_door, layout_loops_cross, serial_shops,
          nicolae_shop_bloodbath_and_beyond, serial_rivers,
          chequers_serial_rivers_micro_a, chequers_serial_rivers_small_a,
          chequers_serial_rivers_large_a, chequers_serial_rivers_large_b,
          chequers_serial_rivers_micro_d, chequers_serial_rivers_micro_a
D:2:      layout_loops_cross, nicolae_ecumenical_pavilion, basic_altar,
          wad_floor_pattern_2, uniq_sigmund
D:4:      layout_basic, mainiacjoe_overflow_small_starburst, uniq_pikel
D:5:      layout_rooms, kiku_gazebo_garden_becter, serial_shops, shop,
          uniq_ijyb, uniq_crazy_yiuf_cottage
D:6:      layout_loops_ring, nemelex_dance_club_becter,
          gammafunk_temple_overflow_elements, serial_shops, shop,
          shop_fountains, shop, nicolae_square_shop, nicolae_shop_trees,
          gammafunk_ghost_nasty_kobolds, chequers_serial_rivers_room_b,
          uniq_blork_the_orc

Skill      XL: |  1  2  3  4  5  6  7  8 |
---------------+-------------------------+-----
Armour         | 3 4 |  4.5
Shields        | 3 4 |  4.4
Fighting       | 4 5 |  5.6
Throwing       | 1 2 3 |  3.3
Dodging        | 1 2 3 |  3.1
Unarmed Combat | 3 4 5 6 |  6.4

Action                     |  1- 3 |  4- 6 |  7- 9 || total
---------------------------+-------+-------+-------++-------
  Melee: Unarmed           |    89 |    90 |   182 ||   361
  Throw: Javelin           |       |       |    13 ||    13
  Evoke: Wand              |       |       |     7 ||     7
    Use: Scroll            |     6 |     7 |     4 ||    17
         Potion            |     1 |     6 |       ||     7
 Armour: Scale mail        |    63 |    55 |   132 ||   250
  Dodge: Dodged            |    39 |    43 |    94 ||   176
  Block: Buckler           |    23 |    21 |    40 ||    84
